Map: Dusk Towers

Players

Bwaaahhh - Winner!

  • Race: Terran Terran
  • League: Gold

capac

  • Race: Terran Terran

VOD

Have the link to the VOD?

Description

Time

  • Played on: Feb. 9, 2016, 11:35 a.m.
  • Length: 24:41
Show
View Real Time Build Order
Export as new Build Order

Bwaaahhh Terran - Winner!

Build Orders: Reaper Expand, MMM Bio 

Get SALT Encoding   

  12  0:01  SCV  
  13  0:13  SCV  
  14  0:17  Supply Depot  
  14  0:25  SCV  
  15  0:39  SCV  
  15  0:40  Barracks  
  16  0:49  Refinery  
  16  0:51  SCV  
  17  1:03  SCV  
  18  1:15  SCV  
  19  1:32  Orbital Command  
  19  1:33  Reaper  
  20  1:44  Command Center  
  20  1:57  Supply Depot  
  20  1:58  SCV  
  21  2:07  Marine  
  22  2:10  SCV  
  22  2:14  Factory  
  23  2:16  Refinery  
  23  2:22  SCV  
  24  2:28  Barracks Tech Lab  
  24  2:44  SCV  
  24  2:48  Marine  
  26  3:08  Stimpack  
  26  3:11  Orbital Command  
  26  3:18  SCV  
  27  3:23  Starport  
  27  3:25  Marine  
  28  3:27  Factory Tech Lab  
  28  3:34  Barracks  
  28  3:37  Engineering Bay  
  28  3:38  SCV  
  28  3:40  Supply Depot  
  29  3:42  SCV  
  29  3:44  Marine  
  31  4:01  Medivac  
  31  4:02  Marine  
  34  4:05  SCV x2  
  34  4:09  Refinery  
  36  4:12  Refinery  
  36  4:17  SCV x2  
  36  4:20  Marine  
  36  4:21  Barracks  
  36  4:22  Siege Tank  
  41  4:25  Barracks  
  41  4:34  SCV x2  
  43  4:41  Medivac  
  43  4:45  Marine  
  46  4:46  Barracks Reactor  
  46  4:49  SCV x2  
  48  4:57  Siege Tank  
  48  4:58  Supply Depot  
  51  5:00  Supply Depot  
  51  5:04  Marine  
  52  5:11  Barracks Reactor  
  52  5:18  SCV x2  
  54  5:24  Combat Shields  
  54  5:25  Marine x2  
  54  5:26  Marine  
  54  5:28  Barracks Reactor  
  57  5:30  SCV  
  57  5:31  Supply Depot  
  57  5:33  Terran Infantry Weapons Level 1  
  57  5:35  Supply Depot  
  58  5:39  Starport Reactor  
  46  6:11  Marine x3  
  46  6:12  Marine  
  46  6:13  Marauder  
  52  6:20  Missile Turret  
  52  6:22  Missile Turret  
  52  6:23  SCV x2  
  54  6:29  Supply Depot  
  54  6:32  Marine  
  54  6:33  Marine x2  
  54  6:34  Supply Depot  
  54  6:38  Siege Tank  
  54  6:39  Medivac x2  
  64  6:40  Missile Turret  
  64  6:45  Missile Turret  
  64  6:49  Concussive Shells  
  64  6:52  Marine x2  
  64  6:54  SCV x2  
  68  7:06  Missile Turret, Armory  
  68  7:09  Medivac x2  
  72  7:22  Liberator x2  
  72  7:29  Siege Tank  
  75  7:31  Marine x5  
  75  7:32  Marauder  
  82  7:37  SCV x2  
  90  7:53  Marauder  
  92  8:00  Command Center  
  92  8:13  Marine  
  92  8:14  Marine x3  
  92  8:15  Siege Tank  
  92  8:19  SCV x2  
  101  8:33  Terran Infantry Armor Level 1  
  101  8:38  Supply Depot  
  101  8:39  Supply Depot, Engineering Bay  
  101  8:42  Liberator  
  104  9:03  Supply Depot  
  73  10:00  Marine x2  
  73  10:01  Marine x5  
  73  10:05  Terran Infantry Weapons Level 2  
  80  10:16  Orbital Command  
  80  10:27  Command Center  
  80  10:31  Refinery  
  80  10:33  Refinery  
  80  10:40  Marine x4  
  80  10:41  Marine x2  
  80  10:48  SCV x2  
  82  10:53  SCV  
  82  10:54  Barracks x2  
  82  10:55  Barracks  
  83  11:00  SCV x2  
  85  11:05  SCV  
  86  11:12  SCV x2  
  86  11:18  Barracks  
  88  11:20  Barracks  
  88  11:23  Marine x4  
  88  11:24  Marine  
  93  11:27  Marine x2  
  95  11:40  Terran Infantry Armor Level 2  
  95  11:41  Marine x5  
  95  11:44  Medivac  
  95  11:45  Marine x2, Medivac  
  106  11:53  Starport  
  107  11:54  Starport, SCV x3  
  107  11:57  Planetary Fortress  
  104  12:06  SCV x2  
  101  12:14  Marine x4  
  101  12:15  Marine x3  
  109  12:16  Marauder  
  109  12:17  Medivac x2  
  115  12:25  Marine  
  115  12:26  Marine x2  
  115  12:29  Barracks Reactor  
  117  12:32  Marine, SCV x3  
  117  12:36  Refinery  
  123  12:37  Marauder  
  123  12:39  Refinery  
  123  12:40  Missile Turret  
  123  12:44  SCV  
  121  12:57  Marine x3  
  121  12:58  Marine x3  
  123  13:04  Barracks Reactor  
  123  13:05  Barracks Reactor  
  125  13:10  Marine x3  
  127  13:14  Barracks Reactor x2  
  127  13:15  Marine x3  
  127  13:18  Barracks x2  
  127  13:19  SCV x3  
  133  13:25  Terran Vehicle Weapons Level 1, Factory x2  
  133  13:26  SCV  
  134  13:27  Factory x2  
  134  13:31  Starport Reactor x2, SCV x2  
  133  14:00  Marine x3  
  133  14:01  Marine  
  137  14:04  Marine x5  
  137  14:05  Marine  
  137  14:07  Barracks  
  138  14:12  Factory  
  122  14:26  Marine  
  122  14:27  Marine x3  
  122  14:29  Medivac x5  
  122  14:30  Medivac  
  138  14:33  Barracks Tech Lab  
  138  14:34  Barracks Tech Lab  
  138  14:35  Factory Reactor  
  138  14:37  Factory Reactor  
  138  14:59  Medivac  
  108  15:22  Marine x2  
  108  15:23  Marine x4  
  108  15:24  Marine  
  100  15:32  Marine x5  
  100  15:33  Marine x2  
  100  15:34  Marauder  
  109  15:36  Factory Tech Lab x2  
  109  15:37  Factory Tech Lab x2  
  109  15:38  Factory Tech Lab  
  109  15:45  Command Center  
  109  15:48  Viking  
  109  15:49  Viking x4  
  119  15:52  Command Center  
  119  15:54  Siege Tank, Command Center  
  122  16:01  Marine x2, Command Center  
  122  16:02  Marine x6  
  122  16:03  Marine x4  
  134  16:16  Supply Depot  
  134  16:17  Supply Depot  
  134  16:18  Supply Depot x2  
  134  16:19  Supply Depot  
  134  16:26  Siege Tank  
  134  16:29  Marine  
  134  16:30  Marine x6  
  134  16:31  Marine x2, Command Center  
  146  16:37  Barracks Tech Lab  
  146  16:40  Supply Depot  
  140  16:55  Starport  
  140  16:58  Siege Tank  
  143  17:01  Starport  
  143  17:03  Starport  
  143  17:09  Planetary Fortress x2  
  143  17:10  Planetary Fortress  
  143  17:16  Planetary Fortress  
  143  17:29  Refinery  
  143  17:31  Siege Tank  
  143  17:34  Refinery, Starport Tech Lab  
  146  17:39  Starport Tech Lab, Fusion Core  
  146  17:41  Starport Tech Lab  
  146  18:32  Battlecruiser  
  146  18:33  Battlecruiser x2  
  135  19:35  Missile Turret  
  135  19:37  Missile Turret  
  135  19:38  Missile Turret  
  135  19:40  Missile Turret  
  135  19:47  Missile Turret  
  135  19:48  Battlecruiser  
  141  20:01  Missile Turret  
  141  20:03  Missile Turret  
  141  20:04  Missile Turret  
  140  20:08  Missile Turret  
  140  20:13  Command Center  
  140  20:16  Command Center  
  140  20:26  Missile Turret  
  140  20:33  Sensor Tower  
  140  20:41  Sensor Tower  
  140  20:42  SCV x4  
  144  20:46  Missile Turret  
  144  20:55  Battlecruiser x2  
  156  20:58  Terran Infantry Weapons Level 3  
  156  20:59  Sensor Tower  
  156  21:14  Sensor Tower x2  
  156  21:24  Marine x4  
  156  21:25  Marine x6  
  163  21:26  Marine x5  
  163  21:27  Marine x5, Sensor Tower  
  176  21:45  Refinery  
  176  21:49  Planetary Fortress  
  176  21:50  Planetary Fortress  
  176  21:53  Missile Turret  
  176  22:16  Missile Turret  
  176  22:19  Missile Turret x2  
  176  22:30  Weapon Refit  
  176  22:31  SCV  
  176  22:32  SCV x3  
  180  22:37  Missile Turret  
  180  22:39  Missile Turret  
  180  22:42  Missile Turret  
  180  23:00  Missile Turret  
  180  23:03  Marine x6  
  180  23:04  Marine x5  
  180  23:05  Marine  
  192  23:06  Medivac x3  
  192  23:07  Medivac  
  200  23:13  Missile Turret  
  200  23:35  Missile Turret  
  200  23:57  Missile Turret  
  200  24:20  Missile Turret  
Show
View Real Time Build Order
Export as new Build Order

capac Terran 

Build Orders: Bio Tank 

Get SALT Encoding   

  12  0:01  SCV  
  13  0:13  SCV  
  14  0:26  SCV  
  14  0:28  Supply Depot  
  15  0:49  SCV  
  16  0:52  Barracks  
  16  1:01  SCV  
  17  1:09  Supply Depot  
  17  1:14  SCV  
  18  1:25  Refinery  
  18  1:26  SCV  
  19  1:39  Command Center  
  19  1:41  Marine  
  20  1:51  Orbital Command  
  20  2:02  Marine  
  21  2:17  SCV  
  22  2:29  Factory  
  22  2:36  Marine  
  23  3:03  SCV  
  23  3:04  Marine  
  25  3:16  Starport  
  25  3:17  Factory Tech Lab  
  25  3:19  SCV  
  26  3:22  Marine  
  26  3:26  Refinery  
  27  3:28  Orbital Command  
  27  3:33  SCV  
  28  3:42  Marine  
  28  3:45  SCV  
  30  3:56  Siege Tank  
  30  3:59  Supply Depot  
  30  4:02  Engineering Bay, Marine  
  34  4:06  SCV  
  34  4:07  SCV  
  36  4:18  SCV  
  36  4:19  SCV  
  36  4:20  Marine  
  41  4:31  Command Center  
  41  4:33  Medivac  
  41  4:37  Siege Tank  
  44  4:42  Refinery, SCV x2  
  44  4:43  Refinery  
  46  4:46  Supply Depot  
  46  4:52  Marine  
  46  4:55  Missile Turret  
  46  4:57  SCV x2  
  49  5:09  SCV x2  
  51  5:16  Siege Tank  
  51  5:18  Medivac  
  51  5:20  Barracks Tech Lab  
  56  5:22  Supply Depot, SCV x2  
  58  5:37  SCV  
  58  5:38  SCV  
  58  5:40  Stimpack  
  58  5:41  Marine  
  61  5:45  Missile Turret  
  61  5:49  Siege Tank  
  57  6:11  Marine  
  57  6:14  Viking  
  60  6:22  Siege Tank  
  60  6:24  SCV  
  65  6:25  SCV  
  65  6:29  Marine  
  66  6:36  SCV  
  66  6:37  SCV  
  68  6:47  Marine  
  68  6:49  Starport Reactor  
  69  6:56  Barracks  
  69  6:58  Barracks  
  69  6:59  SCV  
  69  7:00  SCV  
  71  7:02  Barracks  
  71  7:07  Orbital Command  
  71  7:12  SCV x2  
  73  7:20  Marine  
  74  7:23  Siege Tank  
  74  7:24  SCV x2  
  74  7:25  Supply Depot  
  74  7:28  Supply Depot  
  79  7:30  Medivac x2  
  83  7:38  SCV x2  
  83  7:41  Combat Shields  
  85  7:46  Marine  
  85  7:47  SCV  
  85  7:50  Missile Turret  
  87  7:52  SCV  
  87  7:53  SCV  
  87  7:55  Missile Turret  
  87  7:56  Supply Depot  
  87  7:57  Supply Depot  
  89  7:59  Barracks Reactor x2  
  89  8:00  Barracks Reactor  
  89  8:08  Marine, SCV x2  
  89  8:10  Siege Tank  
  89  8:11  Refinery  
  95  8:14  Refinery  
  95  8:23  Supply Depot  
  95  8:24  Supply Depot  
  95  8:26  Marine  
  96  8:29  Missile Turret  
  96  8:36  Medivac x2  
  96  8:40  SCV x3  
  103  8:45  Marine x6  
  103  8:47  Marauder  
  111  8:52  Supply Depot  
  111  8:56  Siege Tank  
  111  9:00  SCV x3  
  111  9:02  Marine x2  
  117  9:03  Marine x3  
  117  9:08  Marauder  
  100  9:24  Missile Turret  
  65  9:51  Marine x2  
  65  9:52  Marine  
  38  10:11  SCV x2  
  39  10:23  SCV  
  39  10:42  Factory Tech Lab  
  39  10:45  SCV x2  
  41  10:56  Marine x2  
  41  10:57  Marine x4, SCV x2  
  43  10:59  Marauder  
  51  11:14  Marine x3  
  51  11:15  Marine x2, SCV x2  
  58  11:20  Marauder  
  60  11:27  SCV x2  
  62  11:37  Command Center  
  62  11:42  Supply Depot x2  
  62  11:59  SCV  
  62  12:00  Marine x2, SCV  
  62  12:01  Marine  
  62  12:02  Marine x2  
  62  12:03  Marine  
  63  12:12  SCV  
  63  12:14  Siege Tank  
  66  12:18  Marine  
  66  12:19  Starport, Marine x3  
  70  12:23  SCV  
  70  12:25  SCV  
  72  12:31  Marine x2  
  72  12:35  SCV  
  76  12:37  SCV  
  76  12:47  SCV  
  77  12:55  Liberator x2  
  77  13:02  Marine  
  77  13:03  Marine x3  
  81  13:10  Siege Tank  
  90  13:20  Orbital Command  
  90  13:23  Supply Depot  
  90  13:24  SCV  
  90  13:25  SCV  
  90  13:26  Marine  
  93  13:44  Marine x4  
  93  13:45  SCV  
  85  15:18  SCV x2  
  78  15:30  SCV x2  
  78  15:33  Liberator  
  78  15:34  Liberator  
  80  15:43  Orbital Command  
  80  15:48  Barracks  
  80  15:50  Barracks  
  80  15:52  Barracks  
  80  15:53  Barracks  
  86  16:29  SCV x3  
  86  16:32  Marine  
  90  16:48  Liberator x2, SCV x3  
  90  16:50  Marine  
  90  16:54  Barracks Reactor x4  
  88  17:06  Refinery  
  94  17:15  Refinery  
  94  17:16  Refinery  
  94  17:27  Engineering Bay  
  94  17:31  Supply Depot  
  94  17:32  Marine x3  
  94  17:33  Marine x4  
  101  17:46  Marine  
  101  17:47  Marauder  
  101  17:50  Marine, Liberator x2  
  105  18:01  Missile Turret  
  103  18:08  Marine x6  
  102  18:51  Siege Tank  
  102  18:52  Marine x3  
  102  18:53  Marine x4  
  102  18:54  Marauder  
  112  19:10  Missile Turret  
  112  19:11  Missile Turret  
  112  19:14  Liberator x2  
  112  19:24  Siege Tank  
  114  19:38  Marine x6  
  119  19:39  Marine x2  
  125  20:07  Marine  
  125  20:11  Starport x2  
  125  20:13  Starport  
  125  20:16  Starport  
  125  20:17  Missile Turret  
  125  20:30  Supply Depot  
  125  20:31  Supply Depot  
  125  20:35  Liberator x2  
  125  20:47  Supply Depot  
  125  20:49  Supply Depot  
  125  20:52  Marine x7, Siege Tank  
  125  20:53  Supply Depot  
  125  20:54  Supply Depot  
  141  20:57  Starport Reactor  
  141  20:58  Starport Reactor  
  141  21:00  Starport Tech Lab  
  141  21:04  Starport Reactor  
  141  21:07  Missile Turret  
  141  21:08  Marine x2, Missile Turret  
  141  21:10  Marine  
  144  21:23  Supply Depot  
  144  21:24  Supply Depot  
  144  21:29  Cloaking Field  
  144  21:32  Viking  
  146  21:45  Viking x5  
  156  21:47  Viking  
  158  22:02  Viking  
  160  22:36  Viking x2  
  160  22:37  Viking x4  
  166  22:38  Viking  
  174  23:03  Supply Depot  
  174  23:05  Supply Depot  
  174  23:06  Viking  
  174  23:07  Command Center  
  176  23:13  Viking x2  
  176  23:14  Viking x3  
Tags
 
Composition
Bio TankMMM Bio
League
Gold
Matchup
TvT
Race
Terran
Add a new tag
Caveats
  • Supply blocks, unpowered buildings, or Contaminate may cause inaccurate times.
  • Supply counts are checked every 10 seconds.